 Dungeon Crawl Stone Soup version 0.27.0-1-g7a089689b8 (webtiles) character file.

Game seed: 2630290242852650956

4826 freelancePsychic the Spear-Bearer (level 10, -4/53 HPs)
             Began as a Vine Stalker Venom Mage on Aug 8, 2021.
             Was a Priest of Cheibriados.
             Splashed by an acid dragon's acid (11 damage)
             ... on level 9 of the Dungeon.
             The game lasted 00:20:55 (8577 turns).

freelancePsychic the Spear-Bearer (VSVM)            Turns: 8577, Time: 00:20:55

Health: -4/53      AC:  6    Str: 19    XL:     10   Next: 49%
Magic:  0/15       EV: 12    Int: 23    God:    Cheibriados [***...]
Gold:   469        SH:  0    Dex: 23    Spells: 10/15 levels left

rFire    . . .     SeeInvis .   x - +8 demon trident "Rift" {distort, reach+}
rCold    . . .     Faith    .   (no shield)
rNeg     . . .     Spirit   +   M - +0 steam dragon scales
rPois    .         Reflect  .   o - +2 helmet
rElec    .         Harm     .   j - +1 cloak
rCorr    .         Rampage  .   l - +2 pair of gloves
Will     +....                  (no boots)
Stlth    +++.......             (no amulet)
HPRegen  1.17/turn              (no ring)
MPRegen  0.14/turn              (no ring)

@: about to teleport, corroded, very slow
A: fangs 3, regeneration 1, magic shield, antimagic bite, no potion heal 2
a: Renounce Religion, Bend Time, Temporal Distortion


You were on level 9 of the Dungeon.
You worshipped Cheibriados.
Cheibriados was most pleased with you.
You visited 2 branches of the dungeon, and saw 10 of its levels.

You collected 469 gold pieces.

Inventory:

Hand Weapons
 e - a +0 dagger of freezing
 i - a +2 dagger of holy wrath
 k - a +2 dagger of venom
 x - the +8 demon trident "Rift" (weapon) {distort, reach+}
   (You found it on level 5 of the Dungeon)

   It warps and distorts space around it, and may blink, banish, or inflict
   extra damage upon those it strikes.
   Unwielding it can cause banishment or high damage.
   It can reach especially far, and its reaching attacks ignore other creatures
   in the way.
Missiles
 K - a throwing net
Armour
 a - a +0 robe
 g - a +0 plate armour
 j - a +1 cloak (worn)
 l - a +2 pair of gloves (worn)
 o - a +2 helmet (worn)
 p - a +0 scale mail
 M - +0 steam dragon scales (worn)
 O - a +0 tower shield
Magical Staves
 b - a staff of fire
Jewellery
 r - an amulet of faith
 C - a ring of positive energy
 E - a ring of poison resistance
 G - a ring of willpower
Wands
 n - a wand of paralysis (6)
 t - a wand of iceblast (14)
 w - a wand of charming (11)
 P - a wand of digging (4)
Scrolls
 h - 2 scrolls of amnesia
 m - 7 scrolls of teleportation {@r4}
 q - 2 scrolls of noise
 v - a scroll of brand weapon
 y - 4 scrolls of silence
 B - a scroll of magic mapping
 F - 2 scrolls of enchant armour
 H - a scroll of blinking
 I - a scroll of enchant weapon
 J - a scroll of holy word
 L - 3 scrolls of identify {@r1}
 N - 2 scrolls of fog {unknown}
Potions
 c - 2 potions of haste {@q3}
 d - 3 potions of lignification
 f - 2 potions of curing {unknown}
 s - a potion of mutation {unknown}
 u - a potion of might {unknown}
 z - a potion of heal wounds {unknown}
 A - 3 potions of flight {unknown}
 D - 3 potions of magic {unknown}
 Q - a potion of attraction {unknown}


   Skills:
 + Level 6.6 Fighting
 - Level 3.5 Short Blades
 * Level 8.5 Polearms
 + Level 3.3 Armour
 - Level 1.5 Dodging
 - Level 2.4 Stealth
 - Level 3.1 Spellcasting
 - Level 1.0 Transmutations
 - Level 1.0 Air Magic
 - Level 7.4 Poison Magic


You had 10 spell levels left.
You knew the following spells:

 Your Spells              Type           Power      Damage    Failure   Level
a - Sting                 Tmut/Pois      92%        1d7       1%          1
b - Olgreb's Toxic Radia  Pois           37%        N/A       5%          4

Your spell library contained the following spells:

 Spells                   Type           Power      Damage    Failure   Level
 Poisonous Vapours        Pois/Air       46%        N/A       3%          2
 Mephitic Cloud           Conj/Pois/Air  16%        N/A       11%         3
 Summon Small Mammal      Summ           12%        N/A       12%         1
 Static Discharge         Conj/Air       5%         N/A       14%         2
 Slow                     Hex            3%         N/A       17%         2
 Sublimation of Blood     Necr           1%         N/A       17%         2
 Call Canine Familiar     Summ           3%         N/A       34%         3
 Confusing Touch          Hex            3%         N/A       34%         3
 Portal Projectile        Hex/Tloc       6%         N/A       34%         3
 Summon Guardian Golem    Hex/Summ       3%         N/A       34%         3
 Petrify                  Tmut/Erth      5%         N/A       67%         4
 Dispel Undead            Necr           3%         3d7       75%         4
 Leda's Liquefaction      Hex/Erth       1%         N/A       75%         4
 Sticky Flame             Conj/Fire      3%         2d3       75%         4
 Irradiate                Conj/Tmut      2%         3d14      95%         5
 Yara's Violent Unravell  Hex/Tmut       2%         3d3       95%         5


Dungeon Overview and Level Annotations

Branches:
Dungeon (9/15)             Temple (1/1) D:5            Lair (0/6) D:8
    Orc: D:9-12

Altars:
Ashenzari
Cheibriados
Dithmenos
Elyvilon
Fedhas
Gozag
Hepliaklqana
Kikubaaqudgha
Makhleb
Nemelex Xobeh
Okawaru
Qazlal
Ru
Sif Muna
Trog
Uskayaw
Vehumet
Wu Jian
Xom
Yredelemnul
Zin
The Shining One

Shops:
D:2 !   D:4 [

Annotations:
D:5 exclusion: sky beast
D:6 2 transporters


Innate Abilities, Weirdness & Mutations

You have razor-sharp teeth.
Your natural rate of healing is unusually fast.
When hurt, damage is shared between your health and your magic reserves.
Your bite disrupts and absorbs the magic of your enemies.
Potions cannot restore your health.


Message History

You feel a bit more experienced.
You hit the orc warrior.
Space warps horribly around the orc warrior!
You kill the orc warrior!
Cheibriados appreciates the change of pace.
Things that are here:
a +0 club; a +0 leather armour
Things that are here:
a +0 mace; a +0 plate armour
Things that are here:
a +0 dagger; a +0 robe; an orc corpse
Things that are here:
a +0 short sword; an orc corpse
m - 8 scrolls of teleportation {@r4} (gained 1)
An acid dragon comes into view.
The acid dragon roars!
The acid dragon spits acid at you.
The splash of acid hits you but does no damage.
You are splashed with acid!!
Unknown command.
The acid dragon spits acid at you. The splash of acid hits you!
The acid corrodes you!
You are splashed with acid!
As you read the scroll of teleportation {@r4}, it crumbles to dust.
You feel strangely unstable. The acid dragon spits acid at you.
The splash of acid hits you! The acid corrodes you!
You are splashed with acid!
* * * LOW HITPOINT WARNING * * *
You hear a shout! x2
You puncture the acid dragon!
The acid dragon is moderately wounded.
The acid dragon blinks!
You hit the acid dragon but do no damage.
Space warps horribly around the acid dragon!
You bite the acid dragon. You drain its power.
You feel invigorated.
The acid dragon is severely wounded.
The acid dragon spits acid at you. The splash of acid hits you!
* * * LOW HITPOINT WARNING * * *
You are splashed with acid!
You die...

### ## #.###..#
########......#
....D.........#
########ยง###..#
#....@...#..#
#####.#.D....#..
####........####.#..
............#....... ##
...#.######.#.#..#.#
.## ................#.#
.. ..........##.##.#.#
.#######.###...#.##.#)#
.#.#.......)...#.##.#)#


You could see an acid dragon (catching breath).

Vanquished Creatures
  A two-headed ogre (D:8)
  5 yaks (D:8)
  3 steam dragons
  2 orc warriors
  A black bear (D:8)
  An ice beast (D:5)
  2 centaurs (D:8)
  4 kobold brigands
  7 bullfrogs
  A gnoll sergeant (D:5)
  A scorpion (D:6)
  A water moccasin skeleton (D:4)
  5 killer bees (D:8)
  5 wights (D:9)
  5 howler monkeys
  2 jellies (D:5)
  4 hounds
  2 centaur zombies
  2 centaur skeletons
  A bullfrog skeleton (D:5)
  2 gnoll shamans
  An iguana (D:3)
  Terence (D:3)
  4 orc wizards
  Natasha (twice) (D:4)
  A howler monkey zombie (D:6)
  8 gnolls
  9 adders
  A shadow imp (D:5)
  A white imp (D:8)
  2 worms
  A dart slug (D:1)
  25 orcs
  8 ball pythons
  A bat skeleton (D:2)
  8 endoplasms
  3 giant cockroaches
  5 hobgoblins
  6 jackals (D:2)
  3 quokkas
  5 bats
  A frilled lizard (D:3)
  9 goblins
  27 kobolds
  5 rats
194 creatures vanquished.

Notes
Turn   | Place    | Note
-------+----------+-------------------------------------------
     0 | D:1      | freelancePsychic the Vine Stalker Venom Mage began the
                  | quest for the Orb.
     0 | D:1      | Reached XP level 1. HP: 9/9 MP: 4/4
    98 | D:1      | Found a faded altar of an unknown god.
   268 | D:1      | Reached XP level 2. HP: 13/13 MP: 3/6
   483 | D:2      | Reached XP level 3. HP: 3/16 MP: 0/8
  1252 | D:2      | Found Rauppon's Distillery.
  1300 | D:2      | Gained mutation: Your natural rate of healing is unusually
                  | fast. [Vine Stalker growth]
  1300 | D:2      | Reached XP level 4. HP: 19/21 MP: 5/9
  1941 | D:2      | Reached skill level 1 in Air Magic
  1947 | D:2      | Reached skill level 1 in Short Blades
  2299 | D:3      | Reached XP level 5. HP: 24/24 MP: 7/10
  3107 | D:3      | Noticed Terence
  3118 | D:3      | Killed Terence
  3119 | D:3      | Reached skill level 5 in Poison Magic
  3469 | D:4      | Reached XP level 6. HP: 28/28 MP: 11/11
  3680 | D:4      | Learned a level 4 spell: Olgreb's Toxic Radiance
  3700 | D:4      | Noticed Natasha
  3703 | D:4      | Killed Natasha
  3722 | D:4      | You fall into a shaft and drop 2 floors!
  3918 | D:6      | Found a transporter.
  3932 | D:6      | Found a transporter.
  4045 | D:5      | Entered Level 5 of the Dungeon
  4067 | D:5      | Noticed a sky beast
  4133 | D:5      | Reached XP level 7. HP: 32/32 MP: 12/12
  4344 | D:5      | Reached skill level 1 in Fighting
  4448 | D:5      | Found the +8 demon trident "Rift" {distort, reach+}
  4674 | D:5      | Found a staircase to the Ecumenical Temple.
  4682 | Temple   | Entered the Ecumenical Temple
  4695 | Temple   | Became a worshipper of Cheibriados the Contemplative
  4790 | D:4      | Reached skill level 1 in Polearms
  4858 | D:4      | Noticed Natasha
  4862 | D:4      | Killed Natasha
  4863 | D:4      | Gained mutation: You have razor-sharp teeth. [Vine Stalker
                  | growth]
  4863 | D:4      | Reached XP level 8. HP: 39/39 MP: 13/13
  5069 | D:4      | Found Ifafosm's Antique Armour Boutique.
  5266 | D:5      | Reached skill level 2 in Polearms
  5416 | D:6      | Found an ornate altar of the Wu Jian Council.
  5440 | D:6      | Reached skill level 3 in Polearms
  5520 | D:6      | Found an opulent altar of Gozag.
  6246 | D:7      | Reached skill level 4 in Polearms
  6371 | D:7      | Reached * piety under Cheibriados
  6408 | D:7      | Found a glowing golden altar of the Shining One.
  6969 | D:7      | Found an iron altar of Okawaru.
  7121 | D:8      | Reached skill level 5 in Polearms
  7196 | D:8      | Noticed a yak
  7205 | D:8      | Killed a yak
  7206 | D:8      | Reached skill level 1 in Armour
  7206 | D:8      | Reached XP level 9. HP: 46/46 MP: 14/14
  7281 | D:8      | Reached skill level 5 in Fighting
  7285 | D:8      | Reached skill level 6 in Polearms
  7382 | D:8      | Reached ** piety under Cheibriados
  7392 | D:8      | Reached skill level 7 in Polearms
  7536 | D:8      | Found a staircase to the Lair.
  7702 | D:8      | Noticed a two-headed ogre
  7707 | D:8      | Killed a two-headed ogre
  7708 | D:8      | Reached XP level 10. HP: 46/53 MP: 6/15
  7863 | D:8      | Reached skill level 8 in Polearms
  8067 | D:9      | Reached *** piety under Cheibriados
  8577 | D:9      | Splashed by an acid dragon's acid

Illustrated notes

Levels and vault maps discovered:
D:1:      dpeg_arrival_fog, layout_basic, shapermc_ecumenical_altar_ellora,
          minivault_24
D:2:      layout_loops_ring, serial_shops, nicolae_shop_stone,
          minmay_misc_feat_enclosed, minmay_randomly_rotated_circles
D:3:      layout_loops_corners, corexii_item_surrounded_by_moat, uniq_terence
D:4:      layout_basic, serial_shops, shop, uniq_natasha
D:5:      layout_loops_ring, minmay_temple_entry_wispy,
          chequers_serial_rivers_small_b, kennysheep_small_circle
D:6:      gammafunk_steamed_eel, layout_basic,
          mainiacjoe_overflow_catch_the_wave
D:7:      layout_loops_ring, nicolae_overflow_hidden_temple,
          nicolae_tso_carved_into_rock
D:8:      layout_loops_cross, lair_entry_dummy
D:9:      layout_basic, corexii_corridor_pit, grunt_ministairs_13,
          minmay_crystal_room
Temple:   nicolae_temple_no_exploring_needed

Skill      XL: |  1  2  3  4  5  6  7  8  9 10 |
---------------+-------------------------------+-----
Spellcasting   | 3 |  3.1
Poison Magic   | 4 5 6 7 |  7.4
Air Magic      | 1 |  1.0
Short Blades   | 1 2 3 |  3.5
Fighting       | 2 4 6 |  6.6
Polearms       | 1 5 7 8 |  8.5
Armour         | 1 3 |  3.3
Dodging        | |  1.5
Stealth        | |  2.4
Transmutations | |  1.0

Action                   |  1- 3 |  4- 6 |  7- 9 | 10-12 || total
-------------------------+-------+-------+-------+-------++-------
Melee: Unarmed           |     2 |       |       |       ||     2
       Bite              |     6 |    25 |    35 |     7 ||    73
       Short sword       |     9 |       |       |       ||     9
       Dagger            |    17 |   112 |    34 |       ||   163
       Demon trident     |       |       |   165 |    58 ||   223
 Cast: Sting             |    42 |    87 |     3 |       ||   132
       Olgreb's Toxic Ra |       |       |     3 |     6 ||     9
  Use: Scroll            |     2 |       |    11 |     1 ||    14
 Stab: Sleeping          |       |    11 |     1 |     3 ||    15
       Distracted        |       |       |     1 |       ||     1
Armor: Robe              |     6 |    23 |    20 |       ||    49
       Scale mail        |       |       |    45 |       ||    45
       Steam dragon scal |       |       |     1 |    10 ||    11
Dodge: Dodged            |    34 |    88 |    61 |     4 ||   187
